 Dungeon Crawl Stone Soup version 0.21-a0-94-gdd6ab6a (webtiles) character file.

81 tilp the Firebug (level 4, -20/33 HPs)
             Began as a Hill Orc Fire Elementalist on July 1, 2017.
             Demolished by an ogre
             ... wielding a +0 giant club
              (27 damage)
             ... on level 2 of the Dungeon.
             The game lasted 00:05:29 (2706 turns).

tilp the Firebug (Hill Orc Fire Elementalist)       Turns: 2706, Time: 00:05:31

Health: -20/33     AC:  4    Str: 10    XL:     4   Next: 40%
Magic:  0/7        EV: 11    Int: 16    God:
Gold:   108        SH:  0    Dex: 11    Spells: 3/7 levels left

rFire    . . .     SeeInvis .   h - +0 dagger
rCold    . . .     Gourm    .   (no shield)
rNeg     . . .     Faith    .   e - +0 leather armour
rPois    .         Spirit   .   (no helmet)
rElec    .         Reflect  .   k - +0 cloak
rCorr    .         Harm     .   (no gloves)
MR       .....                  (no boots)
Stlth    +.........             (no amulet)
HPRegen  0.11/turn              (no ring)
MPRegen  0.10/turn              (no ring)

@: no status effects
A: no striking features
a: no special abilities


You were on level 2 of the Dungeon.
You were hungry.

You visited 1 branch of the dungeon, and saw 2 of its levels.

You collected 108 gold pieces.

Inventory:

Hand Weapons
 h - a +0 dagger (weapon)
Armour
 e - a +0 leather armour (worn)
 k - a +0 cloak (worn)
Jewellery
 b - an uncursed amulet of faith {unknown}
 d - an uncursed ring of fire {unknown}
Scrolls
 m - 4 scrolls of identify
 p - 3 scrolls of teleportation {unknown}
 r - a scroll of amnesia {unknown}
 v - a scroll of noise {unknown}
 x - a scroll of remove curse
Potions
 g - a potion of brilliance
 i - a potion of heal wounds {unknown}
 j - a potion of cancellation {unknown}
 l - 2 potions of flight {unknown}
 n - a potion of berserk rage {unknown}
 q - a potion of lignification {unknown}
 t - 3 potions of curing {unknown}
 w - a potion of degeneration {unknown}
Books
 o - a book of Flames

   Spells                             Type                      Level
   a - Flame Tongue                   Conjuration/Fire             1
   b - Throw Flame                    Conjuration/Fire             2
   c - Conjure Flame                  Conjuration/Fire             3
   d - Inner Flame                    Hexes/Fire                   3
   e - Sticky Flame                   Conjuration/Fire             4
   f - Fireball                       Conjuration/Fire             5
Comestibles
 a - 2 royal jellies
 c - 3 bread rations
 f - 2 chunks of flesh
 s - 3 fruits
 u - a meat ration


   Skills:
 * Level 1.2 Short Blades
 - Level 1.5 Dodging
 - Level 1.5 Stealth
 * Level 2.3 Spellcasting
 * Level 1.7 Conjurations
 + Level 4.2 Fire Magic


You had 3 spell levels left.
You knew the following spells:

 Your Spells              Type           Power        Failure   Level  Hunger
a - Flame Tongue          Conj/Fire      ##...        8%          1    #......
b - Conjure Flame         Conj/Fire      ##......     24%         3    ###....


Dungeon Overview and Level Annotations

Branches:
Dungeon (2/15)

Altars:


Message History

Casting: Flame Tongue
Confirm with . or Enter, or press ? or * to list all spells.
Aiming: Flame Tongue
Press: ? - help, Shift-Dir - straight line, f/p - ogre
Aim: an ogre, wielding a giant club (moderately wounded)
The flame tongue hits the ogre.
The ogre is heavily wounded.
You are feeling hungry.
The ogre hits you with a giant club!
* * * LOW HITPOINT WARNING * * *
Casting: Flame Tongue
Confirm with . or Enter, or press ? or * to list all spells.
Aiming: Flame Tongue
Press: ? - help, Shift-Dir - straight line, f/p - ogre
Aim: an ogre, wielding a giant club (moderately wounded)
The flame tongue hits the ogre.
The ogre is severely wounded.
The ogre hits you with a giant club!!
Ouch! That really hurt!
You die...

####'##.# +..........# #.#
####.##.#.##..........# #.#
#.....#.#.#.......#############.#
#.....>.#.#.#####.#..............
#.......#.#.# .#.#...........#
#.......#.#.#.# .#.#)###.......#
#.............. .#.#.# #8.....8#
#.....#.#.#######.#.#.# #.......#
####.#.........O@.#.#.# #8.....8#
#.#.#.##########.#.# #.......#
#.#.#...#..........# #8.....8#
#.#.#.#.##.#####.#####.......#
#.#..................#8.....8#
#.#..........###.###.#.......#
#.#.#..............#.#########
#.#.#.#.###.#####..#.........#
#.#.............#..#...#####.#


You could see an ogre.

Vanquished Creatures
  Jessica (D:2)
  A worm (D:2)
  A dart slug (D:1)
  4 bats
  3 giant cockroaches
  12 goblins
  4 hobgoblins
  6 jackals
  2 kobolds (D:2)
  A quokka (D:2)
  A ball python (D:2)
  2 frilled lizards (D:2)
  6 rats
44 creatures vanquished.

Notes
Turn   | Place    | Note
-------+----------+-------------------------------------------
     0 | D:1      | tilp the Hill Orc Fire Elementalist began the quest for the Orb.
     0 | D:1      | Reached XP level 1. HP: 14/14 MP: 3/3
   512 | D:1      | Reached XP level 2. HP: 17/20 MP: 4/4
  1311 | D:2      | Reached XP level 3. HP: 14/26 MP: 1/6
  1316 | D:2      | Learned a level 3 spell: Conjure Flame
  1685 | D:2      | Reached skill level 4 in Fire Magic
  2219 | D:2      | Noticed Jessica
  2229 | D:2      | Killed Jessica
  2229 | D:2      | Reached skill level 1 in Short Blades
  2229 | D:2      | Reached XP level 4. HP: 27/33 MP: 1/7
  2636 | D:2      | Noticed an ogre
  2706 | D:2      | Demolished by an ogre

Vault maps used:
D:1:      evilmike_arrival_plus, nrook_uturn
D:2:      kennysheep_the_goblin_king, first_bread, minmay_pentomino_z4,
          uniq_jessica

Skill      XL: |  1  2  3 |
---------------+----------+-----
Spellcasting   | 2 |  2.3
Fire Magic     | 4 |  4.2
Short Blades   | 1 |  1.2
Dodging        | |  1.5
Stealth        | |  1.5
Conjurations   | |  1.7

Action                   |  1- 3 |  4- 6 || total
-------------------------+-------+-------++-------
Melee: Whip              |    32 |       ||    32
       Unarmed           |     2 |       ||     2
       Dagger            |   108 |    21 ||   129
 Cast: Flame Tongue      |    31 |     9 ||    40
  Use: Scroll            |     2 |       ||     2
 Stab: Sleeping          |     2 |       ||     2
  Eat: Chunk             |     5 |     1 ||     6
Armor: Leather armour    |    59 |     7 ||    66
Dodge: Dodged            |    94 |    13 ||   107
